 Dungeon Crawl Stone Soup version 0.20.1-1-g8b1a95d (webtiles) character file.

11 letownia2 the Grave Robber (level 2, 0/22 HPs)
             Began as a Deep Dwarf Necromancer on Nov 29, 2017.
             Slain by a leopard gecko (4 damage)
             ... on level 3 of the Dungeon.
             The game lasted 00:01:06 (386 turns).

letownia2 the Grave Robber (Deep Dwarf Necromancer)  Turns: 386, Time: 00:01:07

Health: 0/22       AC:  2    Str: 11    XL:     2   Next: 17%
Magic:  1/5        EV: 12    Int: 15    God:
Gold:   56         SH:  0    Dex: 13    Spells: 4/5 levels left

rFire    . . .     SeeInvis .   (no weapon)
rCold    . . .     Gourm    .   (no shield)
rNeg     . . .     Faith    .   a - +0 robe
rPois    .         Spirit   .   (no helmet)
rElec    .         Reflect  .   (no cloak)
rCorr    .         Harm     .   (no gloves)
MR       .....                  (no boots)
Stlth    ++........             g - amulet of inaccuracy (curse)
Regen    0.0/turn               (no ring)
MPRegen  0.1/turn               (no ring)

@: non-regenerating
A: damage resistance, heal wounds, sense surroundings 1, no regeneration
a: Heal Wounds


You were on level 3 of the Dungeon.
You were not hungry.

You visited 1 branch of the dungeon, and saw 3 of its levels.

You collected 56 gold pieces.

Inventory:

Missiles
 j - 2 tomahawks of returning (quivered)
Armour
 a - a +0 robe (worn)
Jewellery
 g - a cursed amulet of inaccuracy (around neck)
Scrolls
 d - a scroll of enchant weapon {unknown}
 e - 2 scrolls of teleportation {unknown}
 h - a scroll of identify {unknown}
 i - a scroll of amnesia {unknown}
Potions
 k - a potion of curing {unknown}
Books
 b - a book of Necromancy

   Spells                             Type                      Level
   a - Pain                           Necromancy                   1
   b - Animate Skeleton               Necromancy                   1
   c - Vampiric Draining              Necromancy                   3
   d - Regeneration                   Charms/Necromancy            3
   e - Animate Dead                   Necromancy                   4
   f - Control Undead                 Necromancy                   4
Comestibles
 c - 2 bread rations
 f - a royal jelly


   Skills:
 - Level 2.1 Dodging
 - Level 2.4 Stealth
 + Level 2.2 Spellcasting
 + Level 4.6 Necromancy


You had 4 spell levels left.
You knew the following spells:

 Your Spells              Type           Power        Failure   Level  Hunger
a - Pain                  Necr           ###.         3%          1    #......


Dungeon Overview and Level Annotations

Branches:
Dungeon (3/15)

Altars:

Portals:
Sewer: D:3


Innate Abilities, Weirdness & Mutations

You are resistant to damage.
You can heal yourself by infusing magical energy.
You passively map a small area around you.
You do not regenerate.


Message History

You closely miss the leopard gecko. The leopard gecko closely misses you.
The goblin shoots a stone.
The stone hits you. The leopard gecko barely misses you.
You miss the leopard gecko. The leopard gecko closely misses you.
The leopard gecko barely misses you.
The goblin shoots a stone.
The stone hits you but does no damage.
You miss the leopard gecko. The leopard gecko bites you.
The leopard gecko barely misses you.
The goblin shoots a stone.
The stone closely misses you.
You miss the leopard gecko. The leopard gecko bites you. x2
The leopard gecko closely misses you.
Unknown command.
You closely miss the leopard gecko. The leopard gecko bites you.
The goblin shoots a stone.
The stone hits you. The leopard gecko bites you.
You barely miss the leopard gecko. The leopard gecko barely misses you.
The goblin shoots a stone.
The stone barely misses you. The leopard gecko bites you.
* * * LOW HITPOINT WARNING * * *
The leopard gecko bites you.
You die...

* * * * , #g * * , #. *
#.** , , , * *, .## , ,
* ,..### ** , * ,
###########...## ,
*.≈≈≈≈≈≈≈≈≈l....##* ,
.≈≈≈≈∩≈≈≈≈l@....# ,
.≈≈≈≈≈≈≈≈≈......# , *
.#.###########.....#
........# #......###.#
, ,
**##..#####...........
##......#............ ,
* ,
l......................
*
#....###...............
.....#
*#.#.............


You could see 2 leopard geckos and a goblin.

Vanquished Creatures
  A leopard gecko (D:3)
  A giant cockroach (D:3)
  A goblin (D:1)
  A hobgoblin (D:1)
  3 jackals
  A frilled lizard (D:1)
  A rat (D:2)
9 creatures vanquished.

Notes
Turn   | Place    | Note
-------+----------+-------------------------------------------
     0 | D:1      | letownia2 the Deep Dwarf Necromancer began the quest for the Orb.
     0 | D:1      | Reached XP level 1. HP: 15/15 MP: 3/3
   285 | D:2      | Reached XP level 2. HP: 17/22 MP: 0/5
   365 | D:3      | Found a glowing drain.
   386 | D:3      | Slain by a leopard gecko

Skill      XL: |  1 |
---------------+----+-----
Spellcasting   | 2 |  2.2
Dodging        | |  2.1
Stealth        | |  2.4
Necromancy     | |  4.6

Action                   || total
-------------------------++-------
Melee: Unarmed           ||    11
Throw: Tomahawk          ||     3
 Cast: Pain              ||    15
Armor: Robe              ||     3
Dodge: Dodged            ||    24
